[Event "25e Open International Landes Côtes Sud - Soorts Hossegor"]
[Site "Hossegor, France"]
[Date "2018.05.19"]
[Round "1.1"]
[White "Kirk, Ezra"]
[Black "Dubertrand, Bernard"]
[Result "1-0"]
[TimeControl "90 minutes + 30 secondes par coup"]
[WhiteElo "2420"]
[BlackElo "1562"]

1. d4 d5 2. c4 dxc4 3. e3 e6 4. Bxc4 Nc6 5. Nf3 Bd6 6. e4 e5 7. dxe5 Bxe5 8. Bxf7+ Kxf7 9. Nxe5+ Ke6 10.
Nd3 Nf6 11. O-O Re8 12. Qb3+ Ke7 13. e5 Ne4 14. Nc3 Nd4 15. Qa3+ Kf7 16. Nxe4 Bf5 17. Ng3 Be6 18. Nc5 Bd5 19.
Qd3 Bc6 20. Qc4+ Kf8 21. Be3 b6 22. Bxd4 Bd5 23. Qd3 bxc5 24. Bc3 Kg8 25. Nf5 Qd7 26. Nxg7 Qf7 27. e6 Bxe6 1-0

[Event "25e Open International Landes Côtes Sud - Soorts Hossegor"]
[Site "Hossegor, France"]
[Date "2018.05.19"]
[Round "1.2"]
[White "Duhau-Marmon, Nicolas"]
[Black "Fantinel, Thibault"]
[Result "0-1"]
[TimeControl "90 minutes + 30 secondes par coup"]
[WhiteElo "1562"]
[BlackElo "2406"]

1. e4 c5 2. Nf3 Nc6 3. d4 cxd4 4. Nxd4 e6 5. Nc3 Qc7 6. Be3 a6 7. Bd3 Nf6 8. f4 Nxd4 9. e5 Nc6 10.
exf6 gxf6 11. Ne4 Be7 12. Qh5 d5 13. Ng3 Bd7 14. O-O f5 15. a3 O-O-O 16. Qxf7 h5 17. Qg7 Rdg8 18. Qc3 d4 19.
Bxd4 Nxd4 20. Qxc7+ Kxc7 21. Ne2 Bc5 22. Kh1 Bc6 0-1

[Event "25e Open International Landes Côtes Sud - Soorts Hossegor"]
[Site "Hossegor, France"]
[Date "2018.05.19"]
[Round "1.3"]
[White "Etchegaray, Patrice"]
[Black "Le Feuvre, Bernard"]
[Result "1-0"]
[TimeControl "90 minutes + 30 secondes par coup"]
[WhiteElo "2342"]
[BlackElo "1524"]

1. e4 e5 2. Bc4 Nc6 3. Nc3 Nf6 4. d3 Na5 5. Nf3 Nxc4 6. dxc4 Bb4 7. Qd3 d6 8. Bd2 O-O 9. h3 Nd7 10.
a3 Bxc3 11. Bxc3 Nc5 12. Qe3 b6 13. O-O-O Qe8 14. Bb4 a5 15. Bxc5 bxc5 16. g4 Ba6 17. Qc3 Qc6 18. Rhe1 Qb6 19.
Nh4 Rfb8 20. Nf5 Kf8 21. f4 f6 22. g5 Bc8 23. gxf6 Bxf5 24. fxg7+ Kxg7 25. exf5 1-0

[ePGN "0.1;DGT LiveChess/2.1"]

[Event "25e Open International Landes Côtes Sud - Soorts Hossegor"]
[Site "Hossegor, France"]
[Date "2018.05.19"]
[Round "2.3"]
[White "Saunders, Mark"]
[Black "Etchegaray, Patrice"]
[Result "0-1"]
[TimeControl "90 minutes + 30 secondes par coup"]
[WhiteElo "1769"]
[BlackElo "2342"]

1. e4 c5 2. d4 cxd4 3. c3 Nf6 4. e5 Nd5 5. cxd4 d6 6. Nf3 Nc6 7. Bc4 Nb6 8. Bb3 dxe5 9. dxe5 Qxd1+ 10. Bxd1 Nc4 11. Nc3 Bd7 12.
O-O N4xe5 13. Nxe5 Nxe5 14. Be2 e6 15. Rd1 a6 16. Bf4 Ng6 17. Be3 Bc6 18. Rd2 Be7 19. Rad1 Rd8 20. Bb6 Rxd2 21. Rxd2 O-O 22. a3 Rc8 23.
g3 Bf6 24. f3 Bxc3 25. bxc3 Ne5 26. Kf2 Nd7 27. Be3 Kf8 28. c4 Ke7 29. f4 Nf6 30. Kg1 Rd8 31. Rb2 Rd7 32. Rb6 Kd8 33.
g4 Ne8 34. Kf1 Nd6 35. Ke1 Nc8 36. Rb2 Kc7 37. h4 Be4 38. Rb3 Ne7 39. a4 Nc6 40. Bb6+ Kc8 41. a5 Nd4 42. Rc3 f5 43.
g5 Nc2+ 44. Kf1 Rd2 45. Bf3 Kd7 46. h5 e5 47. fxe5 Ke6 48. Bc7 Nd4 49. Bxe4 fxe4 50. Ke1 Rh2 51. Rd3 exd3 0-1

[Event "25e Open International Landes Côtes Sud - Soorts Hossegor"]
[Site "Hossegor, France"]
[Date "2018.05.19"]
[Round "2.2"]
[White "Fantinel, Thibault"]
[Black "Labarrere, Daniel"]
[Result "1-0"]
[TimeControl "90 minutes + 30 secondes par coup"]
[WhiteElo "2406"]
[BlackElo "1768"]

1. e4 e6 2. d4 d5 3. Nc3 Nf6 4. Bg5 dxe4 5. Nxe4 Nbd7 6. Nxf6+ gxf6 7. Be3 b6 8. Qf3 Rb8 9. O-O-O Bb7 10.
Qh3 Qe7 11. Nf3 c5 12. dxc5 a6 13. cxb6 Qb4 14. Nd4 Bd5 15. Nb3 Nxb6 16. a3 Qa4 17. Bxb6 Rxb6 18. Rxd5 Rxb3 19. cxb3 Qc6+ 20.
Bc4 exd5 21. Re1+ Kd8 22. Rd1 Bd6 23. Rxd5 Re8 24. Qxh7 Kc7 25. Qxf7+ Re7 26. Qxf6 1-0

[Event "25e Open International Landes Côtes Sud - Soorts Hossegor"]
[Site "Hossegor, France"]
[Date "2018.05.19"]
[Round "2.1"]
[White "Dubreuil, Remy"]
[Black "Kirk, Ezra"]
[Result "0-1"]
[TimeControl "90 minutes + 30 secondes par coup"]
[WhiteElo "1796"]
[BlackElo "2420"]

1. b3 Nf6 2. Bb2 d5 3. e3 c5 4. Nf3 Nc6 5. Bb5 e6 6. O-O Bd6 7. d3 Qc7 8. Nbd2 O-O 9. Bxc6 bxc6 10.
c4 e5 11. e4 d4 12. Rc1 g6 13. a3 a5 14. b4 axb4 15. axb4 cxb4 16. c5 Be7 17. Ne1 Nd7 18. f4 Nxc5 19.
fxe5 Rd8 20. Ndf3 Qb6 21. Qe2 Na4 22. Qf2 Nxb2 23. Qxb2 Be6 24. Ra1 Rxa1 25. Qxa1 b3 26. Nd2 Bb4 27.
Nb1 c5 28. Nf3 c4 29. dxc4 d3+ 30. Kh1 d2 31. Rd1 Qf2 32. Nc3 Bh3 33. Nh4 Bxc3 34. Qxc3 Qe2 35. Qa1 b2 36. Qb1 Qxd1 0-1

[ePGN "0.1;DGT LiveChess/2.1"]

[Event "25e Open International Landes Côtes Sud - Soorts Hossegor"]
[Site "Hossegor, France"]
[Date "2018.05.20"]
[Round "3.3"]
[White "Etchegaray, Patrice"]
[Black "Gattegno, Laurent"]
[Result "1-0"]
[TimeControl "90 minutes + 30 secondes par coup"]
[WhiteElo "2342"]
[BlackElo "1918"]

1. Nf3 d5 2. g3 c5 3. Bg2 Nc6 4. d4 cxd4 5. Nxd4 e5 6. Nxc6 bxc6 7. O-O Nf6 8. c4 h6 9. Nc3 Be6 10.
Qa4 Qd7 11. cxd5 cxd5 12. Qxd7+ Kxd7 13. Rd1 Kc6 14. Be3 Rd8 15. Bxa7 Kb7 16. Be3 Be7 17. Rac1 Ka6 18. Na4 d4 19.
Bd2 Rc8 20. e3 Kb5 21. b3 Ba3 22. Bf1+ 1-0

[Event "25e Open International Landes Côtes Sud - Soorts Hossegor"]
[Site "Hossegor, France"]
[Date "2018.05.20"]
[Round "3.2"]
[White "Hargues, Franck"]
[Black "Fantinel, Thibault"]
[Result "0-1"]
[TimeControl "90 minutes + 30 secondes par coup"]
[WhiteElo "1938"]
[BlackElo "2406"]

1. e4 c5 2. Nf3 Nc6 3. d4 cxd4 4. Nxd4 e6 5. Nxc6 bxc6 6. c4 Nf6 7. Bd3 e5 8. O-O Bc5 9. Nc3 d6 10.
Be2 O-O 11. Qd3 Rb8 12. a3 a5 13. Rb1 Bd4 14. Bf3 Ba6 15. b4 axb4 16. axb4 Qc8 17. Ba3 Rd8 18. Rfc1 d5 19. exd5 cxd5 20.
b5 dxc4 21. Qc2 Bb7 22. Be7 Bxf3 23. gxf3 Rd7 24. Bxf6 Bxc3 25. Qxc3 gxf6 26. Qxc4 Rd1+ 27. Kg2 Qxc4 0-1

[Event "25e Open International Landes Côtes Sud - Soorts Hossegor"]
[Site "Hossegor, France"]
[Date "2018.05.20"]
[Round "3.1"]
[White "Kirk, Ezra"]
[Black "Fournier, Loic"]
[Result "1-0"]
[TimeControl "90 minutes + 30 secondes par coup"]
[WhiteElo "2420"]
[BlackElo "2008"]

1. Nf3 Nf6 2. c4 g6 3. Nc3 Bg7 4. e4 d6 5. d4 O-O 6. Be2 Na6 7. O-O c5 8. d5 Nc7 9. h3 e6 10.
Bg5 h6 11. Be3 e5 12. Qd2 Kh7 13. a3 Nh5 14. Ne1 Qh4 15. Nd3 f5 16. Bxh5 Qxh5 17. f4 exf4 18. Bxf4 Bd4+ 19. Kh2 Rd8 20.
e5 dxe5 21. Bxe5 Bxe5 22. Nxe5 Ne6 23. Nf7 Rd7 24. Qe3 Rxf7 25. dxe6 Re7 26. Nd5 Rxe6 27. Nf6 Kh8 28. Qxe6 Bxe6 29.
Nxh5 gxh5 30. Rae1 Bxc4 31. Rxf5 b6 32. Re7 Rd8 33. Rxa7 Kg8 34. Rf6 b5 35. Rg6+ Kf8 36. Rxh6 1-0

[ePGN "0.1;DGT LiveChess/2.1"]

[Event "25e Open International Landes Côtes Sud - Soorts Hossegor"]
[Site "Hossegor, France"]
[Date "2018.05.20"]
[Round "4.3"]
[White "Bareyre, Patrick"]
[Black "Etchegaray, Patrice"]
[Result "1/2-1/2"]
[TimeControl "90 minutes + 30 secondes par coup"]
[WhiteElo "2149"]
[BlackElo "2342"]

1. d4 Nf6 2. Bf4 g6 3. Nc3 d5 4. Nb5 Na6 5. e3 Bg7 6. Nf3 O-O 7. h3 c6 8. Nc3 Qb6 9. Rb1 c5 10.
Bxa6 bxa6 11. dxc5 Qxc5 12. O-O Bb7 13. Be5 Rfd8 14. Bd4 Qc6 15. Ne5 Qc7 16. Qf3 e6 17. Rfd1 Ne8 18. Qg3 f6 19.
Nd3 Qxg3 20. fxg3 e5 21. Bc5 Nc7 22. Bb4 Ne6 23. Na4 Bc6 24. Nac5 Nxc5 25. Nxc5 Bh6 26. Re1 Rdb8 27. c3 Rb6 28.
Ba5 Rb5 29. b4 Bf8 30. Nxa6 Rb7 31. Rbd1 Rc8 32. a4 Bxa4 33. Rxd5 Rxc3 34. Rd8 Kf7 35. Rxf8+ Kxf8 36. Nc5 Rxc5 37.
bxc5 Rb2 38. Rf1 Ke7 39. Bc7 Bc6 40. Rf2 Rxf2 41. Kxf2 Ke6 42. g4 Kd5 43. Bd8 f5 44. gxf5 gxf5 45. Bc7 Kxc5 1/2-1/2

[Event "25e Open International Landes Côtes Sud - Soorts Hossegor"]
[Site "Hossegor, France"]
[Date "2018.05.20"]
[Round "4.1"]
[White "Favarel, Julien"]
[Black "Kirk, Ezra"]
[Result "0-1"]
[TimeControl "90 minutes + 30 secondes par coup"]
[WhiteElo "2266"]
[BlackElo "2420"]

1. Nf3 c5 2. c4 Nc6 3. Nc3 Nf6 4. d4 cxd4 5. Nxd4 g6 6. e4 Bg7 7. Be3 O-O 8. f3 d6 9. Be2 Bd7 10.
O-O Nxd4 11. Bxd4 a5 12. b3 Bc6 13. Rc1 Nd7 14. Be3 Nc5 15. Qd2 Be5 16. Bh6 Bg7 17. Be3 Qb6 18. Nb5 Rfc8 19.
Kh1 Qd8 20. Nd4 Qf8 21. Rb1 Bd7 22. Rfc1 h5 23. a3 a4 24. b4 Bxd4 25. bxc5 Bxe3 26. Qxe3 Rxc5 27. Rxb7 Qc8 28. Rcb1 h4 29.
f4 h3 30. gxh3 Bc6 31. R7b6 Qe6 32. Bd3 Rc8 33. Kg1 Rh5 34. f5 Qf6 35. Rb8 Rxb8 36. Rxb8+ Kh7 37. Rb6 Rg5+ 38. Kf2 gxf5 39. e5 Rg2+ 40. Kf1 dxe5 41.
Rxc6 Qxc6 42. Bxf5 Rg6 43. Qe4 Qc5 44. Bxg6 fxg6 45. Qd3 Kg7 46. Ke2 Qd4 47. Qxd4 exd4 48. c5 Kf7 49. Ke1 0-1

[Event "25e Open International Landes Côtes Sud - Soorts Hossegor"]
[Site "Hossegor, France"]
[Date "2018.05.20"]
[Round "4.2"]
[White "Fantinel, Thibault"]
[Black "Louis, Thibault"]
[Result "1-0"]
[TimeControl "90 minutes + 30 secondes par coup"]
[WhiteElo "2406"]
[BlackElo "2245"]

1. e4 c5 2. Nf3 Nc6 3. Bb5 g6 4. Bxc6 dxc6 5. d3 Bg7 6. h3 Nf6 7. Nc3 b6 8. Bf4 Nd7 9. Qd2 h6 10.
e5 Nf8 11. O-O Ne6 12. Rfe1 Nd4 13. Nxd4 cxd4 14. Ne4 g5 15. Bg3 O-O 16. h4 f5 17. exf6 exf6 18. hxg5 fxg5 19. Nd6 Bg4 20.
Re4 h5 21. Rae1 Bf6 22. Qb4 Qd7 23. Be5 c5 24. Qd2 Be7 25. Bxd4 Bxd6 26. Qxg5+ Kh7 27. Re7 Rf7 28. R1e6 1-0

[ePGN "0.1;DGT LiveChess/2.1"]

[Event "25e Open International Landes Côtes Sud - Soorts Hossegor"]
[Site "Hossegor, France"]
[Date "2018.05.20"]
[Round "5.1"]
[White "Kirk, Ezra"]
[Black "Fantinel, Thibault"]
[Result "1/2-1/2"]
[TimeControl "90 minutes + 30 secondes par coup"]
[WhiteElo "2420"]
[BlackElo "2406"]

1. d4 d5 2. c4 c6 3. Nf3 Nf6 4. cxd5 cxd5 5. Nc3 Nc6 6. Bf4 Bf5 7. a3 e6 8. e3 Rc8 9. Bd3 Bxd3 10.
Qxd3 Bd6 11. Bxd6 Qxd6 12. O-O O-O 13. Rfc1 Na5 14. Ne2 Ne4 15. Nc3 Nxc3 16. Rxc3 Rxc3 17. Qxc3 Nc4 18. Nd2 Nxd2 19.
Qxd2 Rc8 20. Rc1 Rc6 21. Rc3 Qc7 22. Rxc6 Qxc6 23. Kf1 Qc4+ 24. Kg1 h5 25. h4 g6 26. g3 Kg7 27. Kg2 Qb3 28.
Qe2 Qc4 29. Qd2 Qb3 30. Qe2 Qc4 31. Qd2 1/2-1/2

[Event "25e Open International Landes Côtes Sud - Soorts Hossegor"]
[Site "Hossegor, France"]
[Date "2018.05.20"]
[Round "5.3"]
[White "Touzane, Olivier"]
[Black "Ternault, Mathieu"]
[Result "1/2-1/2"]
[TimeControl "90 minutes + 30 secondes par coup"]
[WhiteElo "2314"]
[BlackElo "2339"]

1. Nf3 Nc6 2. d4 d6 3. e4 Nf6 4. Nc3 g6 5. h3 Bg7 6. Be3 a6 7. Qd2 O-O 8. d5 Nb8 9. Bh6 e5 10.
dxe6 Bxe6 11. Bxg7 Kxg7 12. Bd3 Nc6 13. O-O Nd7 14. Nh2 Qf6 15. f4 Qd4+ 16. Kh1 f6 17. Ne2 Qb6 18. a3 Rae8 19.
b4 Nd4 20. Nxd4 Qxd4 21. Nf3 Qb6 22. c4 a5 23. Rae1 Bg8 24. Qc3 axb4 25. axb4 Re7 26. Re2 c5 27. b5 Qc7 28. g4 d5 29.
exd5 Rxe2 30. Bxe2 Qxf4 31. Nd2 Qe5 32. Qxe5 Nxe5 33. Ne4 b6 34. Ra1 f5 35. gxf5 Rxf5 36. Ra7+ Rf7 37. Rxf7+ Nxf7 38.
h4 Kf8 39. Nc3 Ne5 40. Na4 Nd7 41. Bf1 Ke7 42. Bh3 Ne5 43. Bf1 Nd7 44. Kh2 Kd6 45. Bh3 Ne5 46. Nxb6 Kc7 47. Be6 Bxe6 48.
dxe6 Kxb6 49. e7 Ng4 50. Kg3 Nf6 51. Kf4 h6 52. Ke5 Ne8 53. Ke6 g5 54. hxg5 hxg5 55. Kf5 g4 56. Kxg4 Kc7 57.
Kf5 Kd6 58. b6 Kc6 59. Ke6 Kxb6 60. Kd7 Ng7 61. Kd6 Ne8 62. Kd7 Ng7 63. Kd6 Ne8 64. Kd7 Ng7 1/2-1/2

[Event "25e Open International Landes Côtes Sud - Soorts Hossegor"]
[Site "Hossegor, France"]
[Date "2018.05.20"]
[Round "5.2"]
[White "Etchegaray, Patrice"]
[Black "Roselle, Tristan"]
[Result "1/2-1/2"]
[TimeControl "90 minutes + 30 secondes par coup"]
[WhiteElo "2342"]
[BlackElo "2110"]

1. d4 d5 2. Bf4 Bf5 3. e3 e6 4. Nf3 Nf6 5. c4 Bxb1 6. Qxb1 Bb4+ 7. Kd1 Bd6 8. Bg3 O-O 9. Bd3 dxc4 10.
Bxc4 c5 11. Ke2 Bxg3 12. hxg3 cxd4 13. Nxd4 h6 14. Qc2 Nbd7 15. Rad1 Qe7 16. Bd3 Ne5 17. Qb3 Nxd3 18. Rxd3 Rfd8 19. Rhd1 Rd5 20. Nf3 Rad8 21.
Rxd5 Rxd5 22. Rxd5 Nxd5 23. a3 Qc7 24. Nd4 a6 25. Qc2 1/2-1/2

[ePGN "0.1;DGT LiveChess/2.1"]

[Event "25e Open International Landes Côtes Sud - Soorts Hossegor"]
[Site "Hossegor, France"]
[Date "2018.05.21"]
[Round "6.2"]
[White "Ternault, Mathieu"]
[Black "Kirk, Ezra"]
[Result "1/2-1/2"]
[TimeControl "90 minutes + 30 secondes par coup"]
[WhiteElo "2339"]
[BlackElo "2420"]

1. e4 c5 2. a3 g6 3. Nc3 Bg7 4. Bc4 Nc6 5. d3 e6 6. h4 h5 7. Nge2 Nge7 8. Bg5 a6 9. O-O b5 10.
Ba2 Bb7 11. Qd2 Rc8 12. Rab1 O-O 13. b4 d6 14. Nd1 Kh7 15. c3 Ne5 16. Ne3 f6 17. Bf4 c4 18. dxc4 bxc4 19. Rbd1 Bxe4 20.
Qxd6 Bd3 21. Qxe6 Rc6 22. Qh3 Qa8 23. Rfe1 Rcc8 24. Nd4 N7c6 25. Ne6 Rfe8 26. Nc5 f5 27. Nd5 Qa7 28. Bg5 Ng4 29.
Bb1 Nce5 30. Qg3 Rxc5 31. bxc5 Qxc5 32. Nf4 Bxb1 33. Rxb1 Qxa3 34. Nh3 Qa2 35. Ra1 Nd3 36. Red1 Qc2 37.
Be3 Nxe3 38. fxe3 Qe2 39. Ng5 Kh6 40. Nf7 Kh7 41. Ng5 Kh6 42. Nf7 Kh7 43. Rf1 Qxe3+ 44. Qxe3 Rxe3 1/2-1/2

[Event "25e Open International Landes Côtes Sud - Soorts Hossegor"]
[Site "Hossegor, France"]
[Date "2018.05.21"]
[Round "6.3"]
[White "Martinet, Regis"]
[Black "Etchegaray, Patrice"]
[Result "1/2-1/2"]
[TimeControl "90 minutes + 30 secondes par coup"]
[WhiteElo "2061"]
[BlackElo "2342"]

1. d4 g6 2. e4 Bg7 3. Nf3 d6 4. h3 Nf6 5. Nc3 a6 6. Be3 O-O 7. Bd3 b5 8. O-O Bb7 9. a3 Nbd7 10.
Qd2 c5 11. d5 e5 12. Rfe1 Qc7 13. Bg5 Kh8 14. Nh2 Ng8 15. f3 Ndf6 16. Bf1 Nh5 17. Ne2 f5 18. g4 fxg4 19. fxg4 Nf4 20.
c3 Bh6 21. Bxh6 Nxh6 22. Bg2 Qe7 23. Rf1 g5 24. Ng3 Bc8 25. b4 c4 26. a4 Bd7 27. axb5 axb5 28. Qe3 Nf7 29. Ra7 Rfb8 30.
Rfa1 Qd8 31. Bf1 Kg8 32. Nf3 h6 33. Kh2 Rc8 34. Ne1 Nh8 35. Nh5 Nxh5 36. gxh5 Qf8 37. Be2 Rxa7 38. Rxa7 Rd8 39.
Ng2 Qf6 40. Qf3 Qxf3 41. Bxf3 1/2-1/2

[Event "25e Open International Landes Côtes Sud - Soorts Hossegor"]
[Site "Hossegor, France"]
[Date "2018.05.21"]
[Round "6.1"]
[White "Fantinel, Thibault"]
[Black "Doyen, Remi"]
[Result "0-1"]
[TimeControl "90 minutes + 30 secondes par coup"]
[WhiteElo "2406"]
[BlackElo "2121"]

1. c4 c5 2. Nf3 Nf6 3. b3 g6 4. Bb2 Bg7 5. g3 b6 6. Bg2 Bb7 7. O-O O-O 8. d4 cxd4 9. Qxd4 d6 10.
Rd1 Nbd7 11. Qf4 Qc7 12. Nc3 Rac8 13. Rac1 Qb8 14. Bh3 Rfd8 15. Qd2 Rc5 16. Ba3 Rh5 17. Bg2 Bh6 18. e3 Qa8 19.
Ne1 Bxg2 20. Nxg2 Ne5 21. Ne1 Nfg4 22. Qd5 Qc8 23. Qe4 Rxh2 24. Nd5 Re8 25. Rd2 e6 26. Nf4 f5 27. Qd4 Qa8 28.
Nd5 exd5 29. cxd5 Rxf2 30. Rc3 Rxd2 31. Qxd2 Nxe3 0-1

[ePGN "0.1;DGT LiveChess/2.1"]

[Event "25e Open International Landes Côtes Sud - Soorts Hossegor"]
[Site "Hossegor, France"]
[Date "2018.05.21"]
[Round "7.3"]
[White "Martinet, Regis"]
[Black "Fantinel, Thibault"]
[Result "1-0"]
[TimeControl "90 minutes + 30 secondes par coup"]
[WhiteElo "2061"]
[BlackElo "2406"]

1. d4 Nf6 2. c4 b6 3. Nf3 Bb7 4. g3 g6 5. Bg2 Bg7 6. Nc3 Ne4 7. Nxe4 Bxe4 8. O-O O-O 9. Bd2 c5 10. Bc3 Nc6 11. e3 Rc8 12.
Rc1 cxd4 13. Nxd4 Bxg2 14. Kxg2 Ne5 15. b3 d5 16. f4 Nd7 17. cxd5 Nf6 18. Nc6 Qxd5+ 19. Qxd5 Nxd5 20. Bd2 f5 21.
Rfe1 Bb2 22. Rc4 b5 23. Rc5 Ba3 24. Rxb5 Rxc6 25. Rxd5 Rc2 26. Kf3 Rxa2 27. e4 Rb8 28. exf5 gxf5 29.
b4 Bxb4 30. Bxb4 Rxb4 31. Rxf5 Rb7 32. Rg5+ Kf7 33. Rh5 Kg8 34. Ree5 Ra6 35. Rhg5+ Rg6 36. Rb5 Rxb5 37. Rxb5 Kf7 38.
Rb7 Ra6 39. Kg4 Ra2 40. h4 Ra3 41. h5 Ra5 42. Kh4 Kf6 43. Rc7 Kf7 44. g4 Ra6 45. g5 Ra5 46. Kg4 Ra6 47. Rc4 Rb6 48.
Rc7 a5 49. Ra7 Rb5 50. Ra6 Rc5 51. h6 Rb5 52. f5 Rb8 53. g6+ Kg8 54. Rxa5 e6 55. f6 hxg6 56. Kg5 Kh8 57. Ra7 Rb2 58.
f7 Rb8 59. Re7 1-0

[Event "25e Open International Landes Côtes Sud - Soorts Hossegor"]
[Site "Hossegor, France"]
[Date "2018.05.21"]
[Round "7.2"]
[White "Kirk, Ezra"]
[Black "Roselle, Tristan"]
[Result "0-1"]
[TimeControl "90 minutes + 30 secondes par coup"]
[WhiteElo "2420"]
[BlackElo "2110"]

1. d4 d5 2. c4 e6 3. Nc3 Nf6 4. cxd5 Nxd5 5. e4 Nxc3 6. bxc3 c5 7. Nf3 cxd4 8. cxd4 Bb4+ 9. Bd2 Bxd2+ 10. Qxd2 O-O 11. Bc4 b6 12. O-O Bb7 13. Rfe1 Nd7 14. Rad1 Rc8 15. Bb3 Qc7 16. Qg5 Rfe8 17. d5 exd5 18.
exd5 Qd6 19. Nd4 Rxe1+ 20. Rxe1 Qb4 21. Qe3 Kf8 22. Nf5 Nf6 23. a3 Qe4 24. Qxe4 Nxe4 25. f3 Nc5 26. Bc4 g6 27.
Ne3 Rd8 28. Kf2 Rc8 29. Rd1 Rd8 30. h4 h5 31. Kg3 Ba6 32. Bxa6 Nxa6 33. Kf4 Nc7 34. g4 hxg4 35. fxg4 Nb5 36.
Rd3 Ke7 37. h5 gxh5 38. gxh5 Nd6 39. Nf5+ Nxf5 40. Kxf5 Rh8 41. d6+ Kd7 42. Kg5 Rg8+ 43. Kf6 Rh8 44. Rd5 Rh7 45. a4 a6 46.
Kg5 Rh8 47. Rd4 Rg8+ 48. Kf6 Rh8 49. Kg5 Rg8+ 50. Kf4 Rh8 51. Rd5 Rh6 52. Ke4 Re6+ 53. Kf4 Rh6 54. Ke3 Re6+ 55. Kd4 Re1 56.
Rf5 Ke6 57. h6 Kxf5 58. h7 Re8 0-1